 Dungeon Crawl Stone Soup version 0.30-a0-989-g0d87f670db (webtiles) character file.

Game seed: 18155864164208908735

1574 112233 the Insei (level 8, -11/62 (64) HPs)
             Began as a Demonspawn Monk on Apr 4, 2023.
             Was an Initiate of Gozag.
             Mangled by an orc knight
             ... wielding a +0 halberd
              (16 damage)
             ... in a bailey.
             The game lasted 00:08:39 (7048 turns).

112233 the Insei (Demonspawn Monk)                  Turns: 7048, Time: 00:08:41

HP:   -11/62 (64)   AC:  2    Str: 11    XL:     8   Next: 59%
MP:   10/10         EV: 17    Int: 15    God:    Gozag
Gold: 267           SH:  0    Dex: 15    Spells: 6/10 levels left

rFire   . . .      SeeInvis .      - Unarmed
rCold   . . .      Faith    .    (no shield)
rNeg    . . .      Spirit   .    a - +0 robe
rPois   +          Reflect  .    (no helmet)
rElec   .          Rampage  .    (no cloak)
rCorr   .          Clarity  +    (no gloves)
Will    .....                    (no boots)
Stlth   ++                       (no amulet)
HPRegen 0.30/turn                (no ring)
MPRegen 0.12/turn                (no ring)

@: brilliant, gold aura, hasted, lightly drained, very quick
A: repulsion field 2, spiny 2, clarity, poison resistance
a: Renounce Religion, Potion Petition, Call Merchant, Bribe Branch


You were in a bailey.
You worshipped Gozag.
Gozag was aware of your devotion.
You visited 2 branches of the dungeon, and saw 8 of its levels.
You also visited: Bailey.

You collected 575 gold pieces.
You paid 308 gold pieces to Gozag.

Inventory:

Hand Weapons
 f - a +1 vampiric dagger
 k - a +1 sling of electrocution
 l - a +2 vampiric dagger
Armour
 a - a +0 robe (worn)
Jewellery
 c - a ring of ice
Scrolls
 b - 3 scrolls of immolation
Potions
 d - a potion of brilliance {unknown}
 e - a potion of flight
 g - a potion of curing


   Skills:
 + Level 5.9 Fighting
 + Level 5.4 Dodging
 - Level 1.8 Stealth
 * Level 7.3 Unarmed Combat
 + Level 1.8 Spellcasting
 + Level 1.5 Transmutations


You had 6 spell levels left.
You knew the following spells:

 Your Spells              Type           Power      Damage    Failure   Level
a - Ice Form              Ice/Tmut       5%         N/A       86%         4

Your spell library contained the following spells:

 Spells                   Type           Power      Damage    Failure   Level
 Lesser Beckoning         Tloc           4%         N/A       34%         2
 Gell's Gravitas          Tloc           2%         N/A       56%         3
 Hailstorm                Conj/Ice       2%         3d3       56%         3
 Teleport Other           Tloc           2%         N/A       56%         3
 Simulacrum               Ice/Necr       Unusable   N/A       N/A         6

Dungeon Overview and Level Annotations

Branches:
Dungeon (7/15)             Temple (1/1) D:5          Bailey (1/1)

Altars:
Ashenzari
Cheibriados
Dithmenos
Gozag
Hepliaklqana
Kikubaaqudgha
Makhleb
Ru
Sif Muna
Wu Jian
Xom
Yredelemnul

Annotations:
D:4 exclusion: downstairs


Innate Abilities, Weirdness & Mutations

You are surrounded by a moderate repulsion field. (EV +3)
You are mostly covered in sharp spines.
You possess an exceptional clarity of mind.
Your system is resistant to poisons. (rPois)


Message History

You kill the gnoll!
The gnoll misses you. The orc knight barely misses you.
The gnoll hits you from afar with a +1 halberd of electrocution!
* * * LOW HITPOINT WARNING * * *
Unknown command.
You feel much better.
The orc knight is struck by your spines.
The orc knight hits you with a +0 halberd!
* * * LOW HITPOINT WARNING * * *
The gnoll closely misses you. The gnoll completely misses you.
Unknown command.
The orc knight attacks as you move away!
The orc knight is struck by your spines.
The orc knight barely misses you.
The orc knight hits you from afar with a +0 halberd!
* * * LOW HITPOINT WARNING * * *
There is an open door here.
You feel much better.
The orc knight hits you from afar with a +0 halberd.
The gnoll hits you from afar with a +1 halberd of electrocution!
* * * LOW HITPOINT WARNING * * *
The gnoll completely misses you.
Unknown command.
Unknown command.
The air fills with toxic fumes!
As you read the scroll labelled BADA ONLUTARCHE, it crumbles to dust.
It was a scroll of poison.
The orc knight hits you from afar with a +0 halberd!
* * * LOW HITPOINT WARNING * * *
Unknown command. [a] - 200 gold - haste [b] - 648 gold - lignification, might, resistance, heal wounds and berserk rage [c] - 308 gold - haste and brilliance Purchase which effect?
You no longer have enough gold to petition Gozag for potion effects.
You feel yourself speed up.
You feel clever all of a sudden.
The orc knight hits you from afar with a +0 halberd!
You die...
Your body crumbles into a pile of gold.

### ### #####
#)###)###§§@##
##'##'##§###§##+##+
##.....## ##og!.!#
###.....# #g§§§.#
#)'..⌠..+ +!§§§§+
###.....# #.§§§§#
##.....# #!.§§§#
##)##+##'# #+##+##+
#.## #.#.#


You could see an orc knight and 2 gnolls.

Vanquished Creatures
  A water moccasin (D:6)
  2 black bears
  A sky beast (D:6)
  3 ogres
  2 centaurs (D:6)
  A bullfrog (D:6)
  3 scorpions
  A howler monkey (D:3)
  3 hounds
  3 iguanas (D:6)
  Terence (D:2)
  A sleepcap (D:5)
  7 gnolls (Bailey)
  10 adders
  A worm (D:3)
  A dart slug (D:6)
  18 orcs
  7 endoplasms
  3 giant cockroaches
  11 hobgoblins
  4 jackals
  4 kobolds
  A quokka (D:3)
  11 ball pythons
  5 bats
  4 frilled lizards
  15 goblins
  5 rats
129 creatures vanquished.

Notes
Turn   | Place    | Note
-------+----------+-------------------------------------------
     0 | D:1      | 112233 the Demonspawn Monk began the quest for the Orb.
     0 | D:1      | Reached XP level 1. HP: 18/18 MP: 1/1
   156 | D:1      | Gained mutation: You are partially covered in sharp spines.
                  | [demonic ancestry]
   156 | D:1      | Reached XP level 2. HP: 20/24 MP: 2/2
   182 | D:1      | Reached skill level 3 in Unarmed Combat
   740 | D:2      | Reached XP level 3. HP: 20/29 MP: 3/3
   944 | D:2      | Noticed Terence
   958 | D:2      | Killed Terence
  1009 | D:2      | Reached XP level 4. HP: 32/35 MP: 4/4
  2064 | D:4      | Noticed an ogre
  2085 | D:3      | Reached skill level 4 in Unarmed Combat
  2165 | D:3      | Reached XP level 5. HP: 26/42 MP: 5/5
  2783 | D:3      | Found a sacrificial altar of Ru.
  2801 | D:3      | Found a hazy altar of Hepliaklqana.
  3087 | D:4      | Learned a level 4 spell: Ice Form
  3131 | D:4      | Found a shimmering blue altar of Sif Muna.
  3131 | D:4      | You fall into a shaft and drop 2 floors!
  3226 | D:6      | Gained mutation: You are surrounded by a mild repulsion
                  | field. (EV +2) [demonic ancestry]
  3226 | D:6      | Reached XP level 6. HP: 46/48 MP: 6/6
  3379 | D:6      | Found a snail-covered altar of Cheibriados.
  3414 | D:6      | Reached skill level 5 in Unarmed Combat
  3495 | D:6      | Gained mutation: Your system is resistant to poisons.
                  | (rPois) [potion of mutation]
  3495 | D:6      | Gained mutation: You possess an exceptional clarity of
                  | mind. [potion of mutation]
  3503 | D:6      | Reached skill level 1 in Spellcasting
  3503 | D:6      | Reached skill level 1 in Transmutations
  3665 | D:6      | Noticed a sky beast
  3712 | D:6      | Killed a sky beast
  3713 | D:6      | Gained mutation: You are surrounded by a moderate repulsion
                  | field. (EV +3) [demonic ancestry]
  3713 | D:6      | Reached XP level 7. HP: 15/55 MP: 7/9
  4100 | D:5      | Entered Level 5 of the Dungeon
  5350 | D:5      | Found a staircase to the Ecumenical Temple.
  5363 | Temple   | Entered the Ecumenical Temple
  5443 | Temple   | Became a worshipper of Gozag Ym Sagoz the Greedy
  5519 | D:5      | Reached skill level 5 in Fighting
  5519 | D:5      | Reached skill level 6 in Unarmed Combat
  5524 | D:5      | Noticed a two-headed ogre
  5760 | D:5      | Gained mutation: You are mostly covered in sharp spines.
                  | [demonic ancestry]
  5760 | D:5      | Reached XP level 8. HP: 48/62 MP: 10/10
  5797 | D:6      | Reached skill level 5 in Dodging
  6044 | D:6      | Reached skill level 7 in Unarmed Combat
  6238 | D:6      | Found an ornate altar of the Wu Jian Council.
  6702 | D:7      | Found a flagged portal.
  6709 | Bailey   | Entered a bailey
  7038 | Bailey   | Noticed an orc knight
  7048 | Bailey   | Mangled by an orc knight

Illustrated notes

Levels and vault maps discovered:
D:1:      spicycebolla_arrival_ecumenical, layout_loops_ring
D:2:      layout_basic, uniq_terence
D:3:      layout_basic, amcnicky_altar_gilded, gammafunk_temple_overflow_pools,
          minmay_quadrilaterals
D:4:      layout_layer_cave, mainiacjoe_overflow_paths
D:5:      layout_basic, mainiacjoe_overflow_catwalk,
          minmay_temple_entry_antechambers
D:6:      layout_basic, pdpol_wu_jian_five_deadly_venoms, kennysheep_slug_shrine
D:7:      layout_basic, enter_bailey_3, chequers_big_river
Temple:   hellmonk_temple_forest_ring
Bailey:   bailey_polearm_nasty_gnolls, bailey

Skill      XL: |  1  2  3  4  5  6  7  8 |
---------------+-------------------------+-----
Unarmed Combat | 3 4 5 6 7 |  7.3
Dodging        | 3 4 5 |  5.4
Fighting       | 4 5 |  5.9
Spellcasting   | 1 |  1.8
Transmutations | 1 |  1.5
Stealth        | |  1.8

Action                     |  1- 3 |  4- 6 |  7- 9 || total
---------------------------+-------+-------+-------++-------
  Melee: Unarmed           |   105 |   149 |   142 ||   396
         Punch             |     2 |     6 |     6 ||    14
   Fire: Sling             |       |     7 |     1 ||     8
 Invoke: Potion Petition   |       |       |     1 ||     1
    Use: Potion            |     2 |     6 |     5 ||    13
         Scroll            |       |     4 |     5 ||     9
   Stab: Sleeping          |     5 |     5 |     4 ||    14
         Distracted        |       |     1 |     1 ||     2
         Invisible         |       |     2 |       ||     2
 Armour: Robe              |    12 |    21 |     9 ||    42
         Skin              |     3 |       |       ||     3
  Dodge: Dodged            |    70 |    90 |   128 ||   288

Table legend: (Time is in decaauts)
 A = Elapsed time spent in this place.
 B = Non-inter-level travel time spent in this place.
 C = Inter-level travel time spent in this place.
 D = Time resting spent in this place.
 E = Time spent auto-exploring this place.
 F = Levels seen in this place.
 G = Mean time per level.
                   A        B        C        D        E       F      G
               +--------+--------+--------+--------+--------+-----+--------+
         Total |   7020 |   6753 |    267 |   1160 |   4558 |   9 |  780.0 |
       Dungeon |   6596 |   6349 |    247 |   1129 |   4264 |   7 |  942.3 |
        Temple |     88 |     68 |     20 |      0 |     59 |   1 |   88.0 |
        Bailey |    334 |    334 |      0 |     31 |    235 |   1 |  334.0 |
               +--------+--------+--------+--------+--------+-----+--------+

Top non-repeatable levels by time:
     D:6: 1735 daAuts
     D:4: 1485 daAuts
     D:2: 1147 daAuts
     D:3: 1009 daAuts
     D:1: 703 daAuts
     D:5: 443 daAuts
  Bailey: 334 daAuts
  Temple: 88 daAuts
     D:7: 73 daAuts
